 Dungeon Crawl Stone Soup version 0.20.0-8-g6b59dc7 (webtiles) character file.

249 Kiel97 the Chopper (level 5, 0/45 HPs)
             Began as a Draconian Wanderer on May 29, 2017.
             Succumbed to an orc wizard's poison
             ... on level 3 of the Dungeon on May 30, 2017.
             The game lasted 00:07:11 (3310 turns).

Kiel97 the Chopper (Draconian Wanderer)             Turns: 3310, Time: 00:07:12

Health: 0/45       AC:  5    Str: 21    XL:     5   Next: 86%
Magic:  6/6        EV: 11    Int: 16    God:
Gold:   82         SH:  0    Dex: 11    Spells: 6/6 levels left

rFire    . . .     SeeInvis .   a - +0 hand axe (vamp)
rCold    . . .     Gourm    .   (no shield)
rNeg     . . .     Faith    .   (armour unavailable)
rPois    .         Spirit   .   (helmet restricted)
rElec    .         Reflect  .   (no cloak)
rCorr    .         Harm     .   (no gloves)
MR       .....                  (no boots)
Stlth    +.........             (no amulet)
Regen    0.2/turn               (no ring)
MPRegen  0.1/turn               (no ring)

@: mighty, brilliant, lethally poisoned (0 -> -1), very slightly contaminated
A: unfitting armour, cold-blooded, AC +5
a: no special abilities


You were on level 3 of the Dungeon.
You were completely stuffed.

You visited 1 branch of the dungeon, and saw 4 of its levels.

You collected 82 gold pieces.

Inventory:

Hand Weapons
 a - a +0 vampiric hand axe (weapon)
 c - a +0 mace
 j - a +2 hand crossbow
Missiles
 b - 25 bolts
 i - a throwing net (quivered)
Scrolls
 g - a scroll of remove curse
 n - a scroll of identify
Comestibles
 f - 2 bread rations
 k - 3 chunks of flesh
 l - 4 fruits


   Skills:
 - Level 3.2 Fighting
 + Level 5.6(5.7) Axes
 - Level 1.0(3.6) Maces & Flails
 - Level 1.7 Crossbows
 - Level 1.0 Throwing
   Level 1.0 Shields
 - Level 1.0 Spellcasting
   Level 1.0 Summonings
   Level 1.0 Fire Magic


You had 6 spell levels left.
You didn't know any spells.

Dungeon Overview and Level Annotations

Branches:
Dungeon (4/15)
 Temple: D:4-7

Altars:
Fedhas
Vehumet

Annotations:
D:3 Sigmund


Innate Abilities, Weirdness & Mutations

Your plain brown scales are hard. (AC +5)
You cannot fit into any form of body armour.
You are cold-blooded and may be slowed by cold attacks.


Message History

Sorry, you're not good enough to have a special ability.
* * * LOW HITPOINT WARNING * * *
You feel sick.
The orc throws a tomahawk.
The tomahawk barely misses you.
You see here a tomahawk.
* * * LOW HITPOINT WARNING * * *
You feel sick.
You are mighty.
You are brilliant.
You are lethally poisoned (1 -> -1).
You are very lightly contaminated with residual magic.
Your movement speed is average.
Your attack speed is average.
Your base attributes are Str 16, Int 11, Dex 11.
Unknown command.
You eat the meat ration.
That meat ration really hit the spot!
You eat one of the 3 bread rations.
That bread ration really hit the spot!
* * * LOW HITPOINT WARNING * * *
You feel sick.
You're too full to eat anything.
Unknown command.
The orc shouts!
There is an open door here.
You die...

#........# #........###
#..........# ##########
#..........# #........#
#........(.#
#........###..........###
#........'.o.(o...(..(รท(.
.........#########(...###
........@# ###.[...
...$...))######## #.....
.....##.>..............o.
.... #.>......####......
### #........# #......
########## #...... #......
#.###..


There were no monsters in sight!

Vanquished Creatures
  An orc priest (D:3)
  3 orc wizards (D:3)
  Natasha (D:3)
  5 adders
  A shadow imp (D:2)
  An ooze (D:3)
  A worm (D:2)
  2 leopard geckos
  4 orcs (D:3)
  2 ball pythons
  A giant cockroach (D:3)
  5 goblins
  9 hobgoblins
  A quokka (D:2)
  3 bats (D:1)
  5 frilled lizards
  3 kobolds
  2 rats (D:2)
50 creatures vanquished.

Notes
Turn   | Place    | Note
-------+----------+-------------------------------------------
     0 | D:1      | Kiel97 the Draconian Wanderer began the quest for the Orb.
     0 | D:1      | Kiel97 set off with: a +2 hand crossbow, 25 bolts, a +0 mace, a potion of lignification, a bread ration
     0 | D:1      | Reached XP level 1. HP: 19/19 MP: 2/2
   106 | D:1      | Reached skill level 1 in Maces & Flails
   190 | D:1      | Reached skill level 1 in Axes
   192 | D:1      | Reached XP level 2. HP: 26/26 MP: 3/3
  1130 | D:2      | Reached skill level 2 in Axes
  1229 | D:2      | Reached XP level 3. HP: 31/31 MP: 4/4
  1404 | D:2      | Found a blossoming altar of Fedhas.
  1574 | D:2      | Found a radiant altar of Vehumet.
  1973 | D:2      | Reached skill level 3 in Axes
  2373 | D:3      | Reached XP level 4. HP: 38/38 MP: 5/5
  2407 | D:3      | Noticed Sigmund
  2542 | D:3      | Noticed Natasha
  2550 | D:3      | Killed Natasha
  2732 | D:3      | Reached skill level 4 in Axes
  2846 | D:3      | Reached XP level 5. HP: 42/45 MP: 6/6
  2906 | D:4      | HP: 2/45 [poisoned by an adder]
  2914 | D:4      | HP: 2/45 [poisoned by an adder]
  2922 | D:4      | HP: 1/45 [poisoned by an adder]
  3252 | D:3      | Reached skill level 5 in Axes
  3298 | D:3      | HP: 2/45 [poisoned by an orc wizard]
  3303 | D:3      | HP: 1/45 [poisoned by an orc wizard]
  3310 | D:3      | Succumbed to an orc wizard's poison

Skill      XL: |  1  2  3  4  5 |
---------------+----------------+-----
Maces & Flails | 1 |  1.0
Axes           | 1 2 3 4 5 |  5.6
Fighting       | |  3.2
Crossbows      | |  1.7
Throwing       | |  1.0
Shields        | |  1.0
Spellcasting   | |  1.0
Summonings     | |  1.0
Fire Magic     | |  1.0

Action                   |  1- 3 |  4- 6 || total
-------------------------+-------+-------++-------
Melee: Hand axe          |   124 |    95 ||   219
       Mace              |    10 |       ||    10
       Tailslap          |     6 |     9 ||    15
  Use: Scroll            |     4 |     3 ||     7
       Potion            |       |     5 ||     5
 Stab: Sleeping          |     1 |     1 ||     2
  Eat: Royal jelly       |     1 |       ||     1
       Chunk             |     7 |     3 ||    10
       Meat ration       |       |     1 ||     1
       Bread ration      |       |     1 ||     1
Armor: Skin              |    53 |    54 ||   107
Dodge: Dodged            |    87 |    68 ||   155
